2213 views
Uploaded 2023-08-13 19:38:32
Game version 1.36 (6115)
27:48 long 4on4 ladder game on (8)RoyalGardens_S2_v1.2
Saved by DKnight
2213 views
Uploaded 2023-08-13 19:38:32
Game version 1.36 (6115)
27:48 long 4on4 ladder game on (8)RoyalGardens_S2_v1.2


136 units @ 23.5k
/ 4.1k
70 buildings @ 12k
/ 4.1k


| Rod of Necromancy | 2 | 300 |
| Ritual Dagger | 1 | 125 |
| Potion of Healing | 1 | 150 |
| Potion of Mana | 2 | 400 |
| Orb of Corruption | 2 | 750 |
| Scroll of Town Portal | 4 | 1400 |
| Scroll of Healing | 3 | 750 |
| Potion of Lesser Invulnerability | 2 | 300 |
| Scroll of Protection | 1 | 150 |
| total: | 18 | 4325g |
| Acolyte | 7 | 525 | / | 0 |
| Ghoul | 4 | 480 | / | 0 |
| Crypt Fiend | 11 | 2365 | / | 440 |
| Obsidian Statue | 6 | 1200 | / | 210 |
| Frost Wyrm | 4 | 1540 | / | 480 |
| Gargoyle | 2 | 350 | / | 60 |
| total: | 34 | 6460g | / | 1190w |
| Nerubian Tower | 3 | 300 | / | 60 |
| Spirit Tower | 6 | 870 | / | 240 |
| Crypt | 1 | 200 | / | 50 |
| Altar of Darkness | 1 | 180 | / | 50 |
| Ziggurat | 14 | 2100 | / | 700 |
| Graveyard | 1 | 215 | / | 0 |
| Tomb of Relics | 2 | 260 | / | 60 |
| Necropolis | 1 | 225 | / | 0 |
| Slaughterhouse | 1 | 140 | / | 135 |
| Boneyard | 1 | 175 | / | 200 |
| Halls of the Dead | 1 | 320 | / | 210 |
| Black Citadel | 1 | 325 | / | 230 |
| total: | 22 | 3495g | / | 1195w |
| 0:01 | Acolyte |
| 0:07 | Crypt |
| 0:11 | Altar of Darkness |
| 0:27 | Ziggurat |
| 1:14 | Acolyte |
| 1:18 | Graveyard |
| 1:22 | Ghoul |
| 1:41 | Tomb of Relics |
| 1:48 | Ghoul |
| 2:03 | Ghoul |
| 2:16 | Ziggurat |
| 2:20 | Death Coil |
| 2:39 | Ghoul |
| 2:47 | Rod of Necromancy |
| 3:11 | Crypt Fiend |
| 3:36 | Crypt Fiend |
| 3:50 | Halls of the Dead |
| 4:09 | Unholy Aura |
| 4:28 | Crypt Fiend |
| 4:32 | Ziggurat |
| 4:35 | Nerubian Tower |
| 5:30 | Spirit Tower |
| 5:38 | Ritual Dagger |
| 5:49 | Crypt Fiend |
| 5:51 | Creature Attack |
| 6:11 | Burrow |
| 6:38 | Slaughterhouse |
| 7:26 | Rod of Necromancy |
| 7:37 | Crypt Fiend |
| 7:40 | Acolyte |
| 7:53 | Frost Nova |
| 8:13 | Black Citadel |
| 8:15 | Spirit Tower |
| 8:17 | Obsidian Statue |
| 8:31 | Death Coil |
| 9:18 | Web |
| 9:38 | Necropolis |
| 10:06 | Frost Armor |
| 11:28 | Obsidian Statue |
| 11:30 | Acolyte |
| 11:30 | Acolyte |
| 11:33 | Tomb of Relics |
| 11:35 | Ziggurat |
| 13:10 | Unholy Aura |
| 13:21 | Frost Nova |
| 13:39 | Acolyte |
| 13:39 | Acolyte |
| 13:42 | Spirit Tower |
| 13:45 | Ziggurat |
| 13:49 | Potion of Healing |
| 13:54 | Potion of Mana |
| 13:54 | Orb of Corruption |
| 14:11 | Scroll of Town Portal |
| 14:11 | Scroll of Healing |
| 14:21 | Crypt Fiend |
| 14:22 | Obsidian Statue |
| 14:23 | Destroyer Form |
| 14:25 | Ziggurat |
| 14:30 | Ziggurat |
| 15:45 | Crypt Fiend |
| 15:45 | Crypt Fiend |
| 15:47 | Boneyard |
| 15:49 | Obsidian Statue |
| 15:51 | Creature Carapace |
| 16:12 | Crypt Fiend |
| 16:40 | Scroll of Healing |
| 16:41 | Potion of Lesser Invulnerability |
| 16:41 | Scroll of Town Portal |
| 17:03 | Frost Wyrm |
| 17:05 | Scroll of Town Portal |
| 17:28 | Ziggurat |
| 17:29 | Ziggurat |
| 17:36 | Improved Creature Attack |
| 19:56 | Spirit Tower |
| 19:57 | Nerubian Tower |
| 20:00 | Ziggurat |
| 20:01 | Ziggurat |
| 20:04 | Spirit Tower |
| 20:06 | Ziggurat |
| 20:11 | Ziggurat |
| 20:16 | Gargoyle |
| 20:16 | Gargoyle |
| 20:19 | Obsidian Statue |
| 20:20 | Frost Wyrm |
| 20:36 | Frost Armor |
| 20:48 | Scroll of Town Portal |
| 20:49 | Orb of Corruption |
| 21:05 | Spirit Tower |
| 21:08 | Nerubian Tower |
| 21:57 | Scroll of Protection |
| 23:27 | Frost Wyrm |
| 23:28 | Frost Wyrm |
| 23:29 | Obsidian Statue |
| 23:30 | Crypt Fiend |
| 23:30 | Crypt Fiend |
| 23:57 | Scroll of Healing |
| 23:59 | Potion of Mana |
| 24:24 | Ziggurat |
| 24:45 | Potion of Lesser Invulnerability |
| 25:08 | Death Coil |
| 26:05 | Frost Nova |
| Right click | 710 |
| Select | 576 |
| Select group | 274 |
| Misc. action | 166 |
| Build/train/purchase | 127 |
| Use ability | 71 |
| Assign group | 16 |
| Item give/drop | 12 |
| Resource trade | 9 |
| Minimap ping | 5 |
| Esc | 2 |



| Rod of Necromancy | 3 | 450 |
| Sacrificial Skull | 1 | 50 |
| Potion of Mana | 5 | 1000 |
| Orb of Corruption | 1 | 375 |
| Potion of Healing | 1 | 150 |
| Scroll of Town Portal | 5 | 1750 |
| Scroll of Healing | 4 | 1000 |
| Boots of Speed | 2 | 500 |
| total: | 22 | 5275g |
| Acolyte | 7 | 525 | / | 0 |
| Ghoul | 7 | 840 | / | 0 |
| Gargoyle | 8 | 1400 | / | 240 |
| Frost Wyrm | 7 | 2695 | / | 840 |
| Obsidian Statue | 2 | 400 | / | 70 |
| Goblin Shredder | 2 | 750 | / | 200 |
| total: | 33 | 6610g | / | 1350w |
| Nerubian Tower | 2 | 200 | / | 40 |
| Spirit Tower | 1 | 145 | / | 40 |
| Crypt | 3 | 600 | / | 150 |
| Altar of Darkness | 1 | 180 | / | 50 |
| Ziggurat | 6 | 900 | / | 300 |
| Tomb of Relics | 1 | 130 | / | 30 |
| Graveyard | 1 | 215 | / | 0 |
| Necropolis | 1 | 225 | / | 0 |
| Slaughterhouse | 1 | 140 | / | 135 |
| Temple of the Damned | 1 | 155 | / | 140 |
| Boneyard | 2 | 350 | / | 400 |
| Halls of the Dead | 1 | 320 | / | 210 |
| Black Citadel | 1 | 325 | / | 230 |
| total: | 17 | 2895g | / | 1205w |
| 0:04 | Acolyte |
| 0:08 | Crypt |
| 0:12 | Altar of Darkness |
| 0:29 | Ziggurat |
| 0:36 | Acolyte |
| 1:10 | Ziggurat |
| 1:14 | Tomb of Relics |
| 1:20 | Ghoul |
| 1:39 | Ghoul |
| 1:46 | Ghoul |
| 2:11 | Ghoul |
| 2:19 | Rod of Necromancy |
| 2:19 | Sacrificial Skull |
| 2:22 | Sleep |
| 2:28 | Acolyte |
| 2:42 | Acolyte |
| 2:44 | Ghoul |
| 3:33 | Acolyte |
| 3:33 | Acolyte |
| 3:34 | Acolyte |
| 3:41 | Ziggurat |
| 4:07 | Ghoul |
| 4:16 | Carrion Swarm |
| 4:19 | Ghoul |
| 4:32 | Halls of the Dead |
| 4:49 | Nerubian Tower |
| 5:03 | Graveyard |
| 5:23 | Ziggurat |
| 5:32 | Boots of Speed |
| 5:32 | Boots of Speed |
| 5:36 | Carrion Swarm |
| 5:44 | Necropolis |
| 6:11 | Crypt |
| 6:11 | Crypt |
| 6:59 | Nerubian Tower |
| 7:11 | Black Citadel |
| 7:31 | Gargoyle |
| 7:35 | Slaughterhouse |
| 8:05 | Gargoyle |
| 8:11 | Scroll of Town Portal |
| 8:12 | Rod of Necromancy |
| 8:12 | Rod of Necromancy |
| 8:20 | Death Coil |
| 8:23 | Potion of Mana |
| 8:59 | Gargoyle |
| 9:00 | Gargoyle |
| 9:01 | Creature Carapace |
| 9:06 | Ziggurat |
| 9:56 | Goblin Shredder |
| 9:56 | Goblin Shredder |
| 10:29 | Boneyard |
| 10:30 | Boneyard |
| 10:32 | Stone Form |
| 10:33 | Ghoul Frenzy |
| 10:41 | Destroyer Form |
| 10:47 | Unholy Aura |
| 11:42 | Orb of Corruption |
| 11:45 | Improved Creature Carapace |
| 12:00 | Sleep |
| 12:06 | Frost Nova |
| 13:08 | Gargoyle |
| 13:09 | Frost Wyrm |
| 13:10 | Advanced Creature Carapace |
| 13:43 | Gargoyle |
| 13:44 | Obsidian Statue |
| 13:48 | Scroll of Town Portal |
| 13:48 | Potion of Mana |
| 13:58 | Scroll of Healing |
| 14:40 | Frost Wyrm |
| 15:06 | Death Coil |
| 15:10 | Potion of Healing |
| 15:13 | Scroll of Town Portal |
| 15:21 | Frost Wyrm |
| 15:38 | Frost Armor |
| 15:47 | Potion of Mana |
| 15:49 | Scroll of Healing |
| 15:58 | Creature Attack |
| 16:20 | Ziggurat |
| 17:58 | Scroll of Town Portal |
| 18:19 | Frost Wyrm |
| 18:20 | Obsidian Statue |
| 18:22 | Scroll of Healing |
| 18:25 | Temple of the Damned |
| 19:19 | Improved Creature Attack |
| 19:19 | Advanced Creature Attack |
| 19:23 | Spirit Tower |
| 19:28 | Frost Wyrm |
| 19:29 | Frost Wyrm |
| 19:30 | Banshee Adept Training |
| 22:08 | Carrion Swarm |
| 22:22 | Frost Nova |
| 22:25 | Unholy Aura |
| 22:34 | Gargoyle |
| 22:36 | Frost Wyrm |
| 22:42 | Scroll of Town Portal |
| 22:43 | Potion of Mana |
| 22:43 | Potion of Mana |
| 24:02 | Scroll of Healing |
| 24:35 | Gargoyle |
| 26:22 | Frost Armor |
| 27:01 | Inferno |
| 27:05 | Death Coil |
| Right click | 1697 |
| Select group | 1006 |
| Select | 705 |
| Build/train/purchase | 118 |
| Use ability | 96 |
| Assign group | 73 |
| Item give/drop | 6 |
| Resource trade | 4 |
| Misc. action | 1 |
| Minimap ping | 1 |


| Healing Salve | 1 | 100 |
| Lesser Clarity Potion | 2 | 140 |
| Scroll of Speed | 2 | 100 |
| Orb of Lightning | 1 | 375 |
| Potion of Healing | 4 | 600 |
| Potion of Mana | 1 | 200 |
| Scroll of Town Portal | 1 | 350 |
| Scroll of Healing | 2 | 500 |
| Potion of Lesser Invulnerability | 2 | 300 |
| Orb of Corruption | 1 | 375 |
| total: | 17 | 3040g |
| Peon | 12 | 900 | / | 0 |
| Wind Rider | 4 | 1060 | / | 160 |
| Kodo Beast | 3 | 765 | / | 180 |
| Raider | 1 | 180 | / | 40 |
| Goblin Sapper | 2 | 430 | / | 200 |
| total: | 22 | 3335g | / | 580w |
| Altar of Storms | 1 | 180 | / | 50 |
| Orc Burrow | 7 | 1120 | / | 280 |
| Voodoo Lounge | 2 | 260 | / | 60 |
| War Mill | 1 | 205 | / | 0 |
| Great Hall | 2 | 770 | / | 370 |
| Beastiary | 2 | 290 | / | 280 |
| Stronghold | 2 | 630 | / | 380 |
| Fortress | 1 | 325 | / | 190 |
| total: | 15 | 2825g | / | 1040w |
| 0:03 | Peon |
| 0:03 | Peon |
| 0:08 | Altar of Storms |
| 0:11 | Orc Burrow |
| 0:27 | Voodoo Lounge |
| 0:34 | Peon |
| 0:52 | Peon |
| 1:06 | War Mill |
| 1:16 | Peon |
| 1:20 | Peon |
| 1:20 | Peon |
| 1:49 | Peon |
| 1:49 | Peon |
| 1:58 | Peon |
| 2:07 | Orc Burrow |
| 2:11 | Feral Spirit |
| 2:42 | Stronghold |
| 2:52 | Orc Burrow |
| 3:08 | Orc Burrow |
| 5:14 | Chain Lighting |
| 5:22 | Beastiary |
| 5:24 | Beastiary |
| 5:26 | Fortress |
| 5:27 | Steel Ranged Weapons |
| 5:50 | Healing Salve |
| 5:50 | Lesser Clarity Potion |
| 5:50 | Scroll of Speed |
| 6:06 | Great Hall |
| 6:10 | Steel Armor |
| 6:22 | Great Hall |
| 6:50 | Wind Rider |
| 7:16 | War Stomp |
| 8:21 | Envenomed Spears |
| 8:39 | Orc Burrow |
| 8:40 | Orc Burrow |
| 8:44 | Orc Burrow |
| 9:10 | Feral Spirit |
| 9:21 | Wind Rider |
| 9:24 | Thorium Ranged Weapons |
| 9:26 | Reinforced Defenses |
| 9:57 | Potion of Lesser Invulnerability |
| 10:25 | Wind Rider |
| 11:31 | Goblin Sapper |
| 11:31 | Goblin Sapper |
| 11:48 | Kodo Beast |
| 11:51 | Wind Rider |
| 11:53 | Peon |
| 11:53 | Peon |
| 12:52 | Endurance Aura |
| 12:52 | Endurance Aura |
| 13:50 | Orb of Lightning |
| 13:50 | Lesser Clarity Potion |
| 13:51 | Scroll of Speed |
| 14:13 | War Drums Damage Increase |
| 14:38 | Potion of Healing |
| 15:33 | Voodoo Lounge |
| 15:42 | Kodo Beast |
| 17:10 | Scroll of Town Portal |
| 17:11 | Orb of Corruption |
| 17:17 | Potion of Healing |
| 17:39 | Kodo Beast |
| 17:40 | Ensnare |
| 17:41 | Raider |
| 21:01 | Scroll of Healing |
| 21:02 | Scroll of Healing |
| 21:02 | Potion of Mana |
| 22:11 | Potion of Lesser Invulnerability |
| 22:33 | War Stomp |
| 22:48 | Chain Lighting |
| 24:28 | Potion of Healing |
| 24:31 | Potion of Healing |
| Right click | 1245 |
| Select | 394 |
| Build/train/purchase | 129 |
| Use ability | 30 |
| Minimap ping | 8 |
| Misc. action | 2 |

| Rod of Necromancy | 2 | 300 |
| Ritual Dagger | 3 | 375 |
| Potion of Healing | 1 | 150 |
| Orb of Corruption | 2 | 750 |
| Potion of Mana | 1 | 200 |
| Scroll of Town Portal | 4 | 1400 |
| total: | 13 | 3175g |
| Acolyte | 7 | 525 | / | 0 |
| Ghoul | 11 | 1320 | / | 0 |
| Gargoyle | 28 | 4900 | / | 840 |
| Goblin Shredder | 1 | 375 | / | 100 |
| total: | 47 | 7120g | / | 940w |
| Spirit Tower | 1 | 145 | / | 40 |
| Crypt | 5 | 1000 | / | 250 |
| Ziggurat | 7 | 1050 | / | 350 |
| Altar of Darkness | 1 | 180 | / | 50 |
| Tomb of Relics | 1 | 130 | / | 30 |
| Graveyard | 1 | 215 | / | 0 |
| Necropolis | 1 | 225 | / | 0 |
| Halls of the Dead | 1 | 320 | / | 210 |
| Black Citadel | 1 | 325 | / | 230 |
| total: | 16 | 2800g | / | 680w |
| 0:05 | Acolyte |
| 0:05 | Acolyte |
| 0:14 | Crypt |
| 0:17 | Ziggurat |
| 1:02 | Altar of Darkness |
| 1:13 | Ziggurat |
| 1:16 | Ghoul |
| 1:16 | Ghoul |
| 1:39 | Ghoul |
| 1:39 | Ghoul |
| 1:48 | Tomb of Relics |
| 2:06 | Ziggurat |
| 2:13 | Ghoul |
| 2:16 | Acolyte |
| 2:34 | Acolyte |
| 2:36 | Ghoul |
| 2:59 | Ghoul |
| 3:02 | Acolyte |
| 3:15 | Rod of Necromancy |
| 3:29 | Carrion Swarm |
| 3:31 | Ghoul |
| 4:12 | Acolyte |
| 4:13 | Acolyte |
| 4:14 | Ghoul |
| 4:26 | Vampiric Aura |
| 4:35 | Ghoul |
| 5:04 | Goblin Shredder |
| 5:39 | Halls of the Dead |
| 5:41 | Graveyard |
| 6:06 | Necropolis |
| 6:18 | Ziggurat |
| 6:22 | Ziggurat |
| 6:30 | Ziggurat |
| 6:35 | Vampiric Aura |
| 7:28 | Spirit Tower |
| 7:46 | Ritual Dagger |
| 7:53 | Ghoul |
| 7:58 | Crypt |
| 7:59 | Crypt |
| 8:01 | Crypt |
| 8:02 | Crypt |
| 8:03 | Black Citadel |
| 8:06 | Creature Attack |
| 8:06 | Creature Carapace |
| 8:14 | Potion of Healing |
| 8:26 | Ziggurat |
| 9:17 | Gargoyle |
| 9:51 | Gargoyle |
| 10:07 | Improved Creature Attack |
| 10:46 | Carrion Swarm |
| 10:55 | Gargoyle |
| 10:56 | Stone Form |
| 11:41 | Advanced Creature Attack |
| 11:42 | Improved Creature Carapace |
| 11:43 | Gargoyle |
| 12:37 | Vampiric Aura |
| 13:20 | Inferno |
| 13:33 | Gargoyle |
| 13:33 | Gargoyle |
| 13:49 | Gargoyle |
| 14:03 | Gargoyle |
| 14:31 | Gargoyle |
| 14:54 | Gargoyle |
| 14:59 | Advanced Creature Carapace |
| 15:35 | Sleep |
| 16:06 | Gargoyle |
| 16:20 | Gargoyle |
| 16:37 | Orb of Corruption |
| 16:47 | Gargoyle |
| 17:21 | Scroll of Town Portal |
| 17:33 | Gargoyle |
| 19:00 | Carrion Swarm |
| 19:15 | Gargoyle |
| 19:16 | Gargoyle |
| 19:16 | Gargoyle |
| 19:20 | Sleep |
| 20:12 | Gargoyle |
| 20:12 | Gargoyle |
| 20:17 | Ritual Dagger |
| 20:34 | Scroll of Town Portal |
| 20:50 | Gargoyle |
| 21:10 | Gargoyle |
| 22:34 | Gargoyle |
| 23:14 | Gargoyle |
| 23:22 | Rod of Necromancy |
| 23:40 | Scroll of Town Portal |
| 23:45 | Gargoyle |
| 24:11 | Potion of Mana |
| 24:17 | Orb of Corruption |
| 24:39 | Gargoyle |
| 25:22 | Gargoyle |
| 26:01 | Gargoyle |
| 26:11 | Sleep |
| 26:31 | Gargoyle |
| 27:23 | Ritual Dagger |
| 27:28 | Scroll of Town Portal |
| Select group | 1067 |
| Right click | 724 |
| Select | 301 |
| Build/train/purchase | 98 |
| Use ability | 39 |
| Assign group | 26 |
| Item give/drop | 9 |
| Misc. action | 6 |
| Minimap ping | 4 |
| Resource trade | 4 |
| Remove unit | 2 |
260 units @ 37.2k
/ 5.5k
73 buildings @ 11.4k
/ 4.6k



| Healing Salve | 7 | 700 |
| Lesser Clarity Potion | 11 | 770 |
| Orb of Lightning | 1 | 375 |
| Potion of Healing | 3 | 450 |
| Potion of Mana | 3 | 600 |
| Scroll of Town Portal | 9 | 3150 |
| total: | 34 | 6045g |
| Peon | 15 | 1125 | / | 0 |
| Troll Headhunter | 12 | 1680 | / | 240 |
| Shaman | 10 | 1300 | / | 200 |
| Kodo Beast | 1 | 255 | / | 60 |
| Troll Batrider | 30 | 4800 | / | 1200 |
| Troll Berserker | 1 | 140 | / | 20 |
| Goblin Shredder | 1 | 375 | / | 100 |
| total: | 70 | 9675g | / | 1820w |
| Watch Tower | 4 | 440 | / | 320 |
| Altar of Storms | 1 | 180 | / | 50 |
| Orc Burrow | 5 | 800 | / | 200 |
| War Mill | 1 | 205 | / | 0 |
| Barracks | 1 | 180 | / | 50 |
| Great Hall | 3 | 1155 | / | 555 |
| Voodoo Lounge | 1 | 130 | / | 30 |
| Spirit Lodge | 1 | 150 | / | 150 |
| Beastiary | 2 | 290 | / | 280 |
| Stronghold | 1 | 315 | / | 190 |
| Fortress | 1 | 325 | / | 190 |
| total: | 19 | 3530g | / | 1635w |
| 0:02 | Peon |
| 0:02 | Peon |
| 0:02 | Peon |
| 0:02 | Peon |
| 0:06 | Altar of Storms |
| 0:19 | Orc Burrow |
| 0:22 | Peon |
| 0:22 | Peon |
| 0:49 | War Mill |
| 1:05 | Barracks |
| 1:14 | Peon |
| 1:21 | Peon |
| 1:28 | Peon |
| 1:44 | Orc Burrow |
| 2:06 | Troll Headhunter |
| 2:08 | Feral Spirit |
| 2:12 | Troll Headhunter |
| 2:36 | Troll Headhunter |
| 2:58 | Troll Headhunter |
| 3:26 | Chain Lighting |
| 3:43 | Great Hall |
| 3:44 | Great Hall |
| 3:53 | Stronghold |
| 4:18 | Orc Burrow |
| 4:22 | Voodoo Lounge |
| 4:29 | Troll Headhunter |
| 4:53 | Feral Spirit |
| 5:13 | Goblin Shredder |
| 5:21 | Troll Headhunter |
| 5:37 | Watch Tower |
| 5:39 | Watch Tower |
| 5:43 | Healing Salve |
| 5:48 | Lesser Clarity Potion |
| 5:58 | Healing Salve |
| 6:17 | Reinforced Defenses |
| 6:21 | Peon |
| 6:22 | Peon |
| 6:38 | Orc Burrow |
| 6:43 | Peon |
| 6:49 | Watch Tower |
| 6:51 | Watch Tower |
| 7:05 | Peon |
| 7:12 | Spirit Lodge |
| 7:34 | Peon |
| 8:10 | Fortress |
| 8:11 | Troll Headhunter |
| 8:11 | Troll Headhunter |
| 8:31 | Chain Lighting |
| 8:32 | Healing Salve |
| 8:33 | Lesser Clarity Potion |
| 8:41 | Scroll of Town Portal |
| 8:46 | Shaman Adept Training |
| 9:04 | Troll Regeneration |
| 9:05 | Troll Headhunter |
| 9:07 | Endurance Aura |
| 9:21 | Beastiary |
| 9:52 | Steel Ranged Weapons |
| 9:53 | Troll Headhunter |
| 9:54 | Troll Headhunter |
| 9:55 | Shaman |
| 9:55 | Shaman |
| 10:03 | Steel Armor |
| 10:05 | Troll Headhunter |
| 10:27 | Kodo Beast |
| 10:28 | Troll Batrider |
| 10:28 | Troll Batrider |
| 10:32 | Scroll of Town Portal |
| 10:42 | Orb of Lightning |
| 10:48 | Berserker Upgrade |
| 11:09 | Scroll of Town Portal |
| 11:24 | Potion of Healing |
| 11:28 | Troll Batrider |
| 11:29 | Troll Batrider |
| 11:29 | Troll Batrider |
| 11:29 | Troll Batrider |
| 11:59 | Shaman Master Training |
| 11:59 | Shaman |
| 12:01 | Troll Batrider |
| 12:26 | Troll Batrider |
| 13:10 | Lesser Clarity Potion |
| 13:45 | Beastiary |
| 13:48 | Troll Berserker |
| 13:48 | Shaman |
| 13:54 | Lesser Clarity Potion |
| 13:54 | Scroll of Town Portal |
| 14:14 | Liquid Fire |
| 14:15 | Troll Batrider |
| 14:17 | Thorium Ranged Weapons |
| 14:17 | Thorium Armor |
| 15:05 | Troll Batrider |
| 15:08 | Orc Burrow |
| 15:18 | Healing Wave |
| 15:35 | Scroll of Town Portal |
| 15:35 | Healing Salve |
| 15:35 | Lesser Clarity Potion |
| 15:40 | Lesser Clarity Potion |
| 15:40 | Potion of Mana |
| 15:47 | Troll Batrider |
| 16:16 | Troll Batrider |
| 16:24 | Arcanite Ranged Weapons |
| 17:08 | War Stomp |
| 17:12 | Troll Batrider |
| 17:37 | Troll Batrider |
| 17:38 | Shaman |
| 17:43 | Scroll of Town Portal |
| 17:46 | Lesser Clarity Potion |
| 17:46 | Potion of Mana |
| 17:49 | Healing Salve |
| 17:50 | Healing Salve |
| 18:12 | Troll Batrider |
| 18:13 | Arcanite Armor |
| 18:37 | Troll Batrider |
| 19:00 | Hex |
| 19:34 | Feral Spirit |
| 19:42 | Troll Batrider |
| 20:50 | Troll Batrider |
| 20:50 | Troll Batrider |
| 20:51 | War Stomp |
| 21:03 | Lesser Clarity Potion |
| 21:03 | Potion of Mana |
| 21:05 | Potion of Healing |
| 21:09 | Scroll of Town Portal |
| 21:09 | Lesser Clarity Potion |
| 21:25 | Potion of Healing |
| 21:51 | Scroll of Town Portal |
| 22:10 | Healing Wave |
| 22:28 | Troll Batrider |
| 22:28 | Troll Batrider |
| 22:28 | Troll Batrider |
| 22:29 | Troll Batrider |
| 22:54 | Peon |
| 23:30 | Shaman |
| 23:30 | Shaman |
| 23:51 | Scroll of Town Portal |
| 23:52 | Lesser Clarity Potion |
| 23:54 | Lesser Clarity Potion |
| 23:58 | Healing Salve |
| 24:07 | Shaman |
| 25:10 | Troll Batrider |
| 25:11 | Shaman |
| 25:11 | Shaman |
| 25:54 | Troll Batrider |
| 25:54 | Troll Batrider |
| 25:54 | Troll Batrider |
| 26:12 | Hex |
| 26:21 | Earth Quake |
| 26:49 | Troll Batrider |
| 26:49 | Troll Batrider |
| 26:49 | Troll Batrider |
| 27:18 | Great Hall |
| Right click | 1716 |
| Select group | 620 |
| Select | 542 |
| Build/train/purchase | 214 |
| Use ability | 170 |
| Assign group | 150 |
| Item give/drop | 3 |
| Remove unit | 3 |
| Minimap ping | 2 |
| Misc. action | 1 |


| Rod of Necromancy | 1 | 150 |
| Potion of Mana | 6 | 1200 |
| Potion of Healing | 3 | 450 |
| Orb of Corruption | 1 | 375 |
| Scroll of Town Portal | 3 | 1050 |
| Scroll of Healing | 2 | 500 |
| Potion of Lesser Invulnerability | 1 | 150 |
| Orb of Lightning | 1 | 375 |
| total: | 18 | 4250g |
| Acolyte | 13 | 975 | / | 0 |
| Ghoul | 3 | 360 | / | 0 |
| Crypt Fiend | 28 | 6020 | / | 1120 |
| Obsidian Statue | 6 | 1200 | / | 210 |
| Abomination | 5 | 1200 | / | 350 |
| total: | 55 | 9755g | / | 1680w |
| Spirit Tower | 4 | 580 | / | 160 |
| Nerubian Tower | 1 | 100 | / | 20 |
| Crypt | 1 | 200 | / | 50 |
| Graveyard | 1 | 215 | / | 0 |
| Altar of Darkness | 1 | 180 | / | 50 |
| Ziggurat | 7 | 1050 | / | 350 |
| Tomb of Relics | 2 | 260 | / | 60 |
| Necropolis | 2 | 450 | / | 0 |
| Slaughterhouse | 1 | 140 | / | 135 |
| Halls of the Dead | 1 | 320 | / | 210 |
| Black Citadel | 1 | 325 | / | 230 |
| total: | 15 | 2495g | / | 645w |
| 0:02 | Acolyte |
| 0:02 | Acolyte |
| 0:04 | Crypt |
| 0:22 | Graveyard |
| 0:43 | Altar of Darkness |
| 0:55 | Ziggurat |
| 1:08 | Ghoul |
| 1:19 | Ghoul |
| 1:34 | Tomb of Relics |
| 1:52 | Ziggurat |
| 2:12 | Crypt Fiend |
| 2:44 | Rod of Necromancy |
| 2:46 | Death Coil |
| 2:50 | Crypt Fiend |
| 3:13 | Crypt Fiend |
| 3:18 | Acolyte |
| 3:57 | Halls of the Dead |
| 4:21 | Unholy Aura |
| 4:53 | Necropolis |
| 4:54 | Crypt Fiend |
| 5:40 | Ziggurat |
| 6:18 | Ziggurat |
| 6:32 | Crypt Fiend |
| 6:33 | Acolyte |
| 6:33 | Acolyte |
| 6:33 | Acolyte |
| 6:53 | Acolyte |
| 6:57 | Ziggurat |
| 7:02 | Burrow |
| 7:11 | Spirit Tower |
| 7:21 | Crypt Fiend |
| 7:32 | Acolyte |
| 7:32 | Acolyte |
| 7:49 | Spirit Tower |
| 7:54 | Nerubian Tower |
| 7:56 | Acolyte |
| 8:07 | Acolyte |
| 8:07 | Acolyte |
| 9:01 | Ziggurat |
| 9:03 | Black Citadel |
| 9:10 | Slaughterhouse |
| 9:12 | Ghoul |
| 9:20 | Death Coil |
| 9:37 | Frost Nova |
| 9:45 | Web |
| 9:55 | Spirit Tower |
| 9:56 | Crypt Fiend |
| 10:13 | Crypt Fiend |
| 10:16 | Crypt Fiend |
| 10:26 | Crypt Fiend |
| 10:48 | Crypt Fiend |
| 11:19 | Crypt Fiend |
| 11:20 | Obsidian Statue |
| 11:28 | Crypt Fiend |
| 11:31 | Creature Attack |
| 11:32 | Creature Carapace |
| 11:38 | Tomb of Relics |
| 11:54 | Potion of Mana |
| 11:56 | Potion of Healing |
| 11:56 | Potion of Mana |
| 12:51 | Potion of Healing |
| 12:51 | Potion of Healing |
| 13:04 | Crypt Fiend |
| 13:05 | Abomination |
| 13:11 | Dark Ritual |
| 13:18 | Obsidian Statue |
| 13:59 | Crypt Fiend |
| 14:08 | Improved Creature Attack |
| 14:08 | Improved Creature Carapace |
| 14:19 | Obsidian Statue |
| 14:37 | Crypt Fiend |
| 15:04 | Crypt Fiend |
| 15:10 | Scroll of Town Portal |
| 15:13 | Orb of Corruption |
| 15:22 | Scroll of Healing |
| 15:32 | Potion of Mana |
| 16:22 | Death Pact |
| 16:30 | Crypt Fiend |
| 16:32 | Abomination |
| 16:54 | Scroll of Healing |
| 17:11 | Crypt Fiend |
| 17:41 | Frost Nova |
| 18:02 | Crypt Fiend |
| 18:04 | Advanced Creature Attack |
| 18:12 | Scroll of Town Portal |
| 18:13 | Potion of Mana |
| 18:15 | Potion of Mana |
| 18:15 | Potion of Mana |
| 18:22 | Advanced Creature Carapace |
| 20:17 | Obsidian Statue |
| 20:39 | Scroll of Town Portal |
| 20:42 | Potion of Lesser Invulnerability |
| 20:45 | Crypt Fiend |
| 21:01 | Unholy Armor |
| 22:06 | Death Coil |
| 22:19 | Orb of Lightning |
| 23:15 | Crypt Fiend |
| 23:18 | Dark Ritual |
| 23:28 | Crypt Fiend |
| 23:29 | Abomination |
| 23:56 | Improved Unholy Armor |
| 23:56 | Advanced Unholy Armor |
| 24:19 | Acolyte |
| 24:59 | Crypt Fiend |
| 25:04 | Necropolis |
| 25:06 | Frost Nova |
| 25:18 | Ziggurat |
| 25:49 | Animate Dead |
| 26:05 | Crypt Fiend |
| 26:05 | Crypt Fiend |
| 26:06 | Abomination |
| 26:06 | Abomination |
| 26:46 | Obsidian Statue |
| 26:46 | Obsidian Statue |
| 26:46 | Crypt Fiend |
| 26:57 | Dark Ritual |
| 27:41 | Crypt Fiend |
| Right click | 1805 |
| Select group | 1413 |
| Select | 490 |
| Misc. action | 239 |
| Build/train/purchase | 150 |
| Use ability | 65 |
| Assign group | 50 |
| Chat | 34 |
| Item give/drop | 3 |
| Minimap ping | 3 |
| Remove unit | 2 |


| Scroll of Regeneration | 1 | 100 |
| Potion of Healing | 1 | 150 |
| Scroll of Town Portal | 3 | 1050 |
| total: | 5 | 1300g |
| Peasant | 14 | 1050 | / | 0 |
| Footman | 5 | 675 | / | 0 |
| Rifleman | 4 | 820 | / | 120 |
| Priest | 4 | 540 | / | 40 |
| Mortar Team | 3 | 540 | / | 210 |
| Sorceress | 3 | 465 | / | 60 |
| total: | 33 | 4090g | / | 430w |
| Scout Tower | 4 | 120 | / | 80 |
| Arcane Tower | 2 | 140 | / | 100 |
| Guard Tower | 1 | 70 | / | 50 |
| Barracks | 1 | 160 | / | 60 |
| Altar of Kings | 1 | 180 | / | 50 |
| Farm | 7 | 560 | / | 140 |
| Arcane Vault | 1 | 130 | / | 30 |
| Blacksmith | 1 | 140 | / | 60 |
| Lumber Mill | 1 | 120 | / | 0 |
| Town Hall | 1 | 385 | / | 205 |
| Cannon Tower | 1 | 120 | / | 100 |
| Arcane Sanctum | 1 | 150 | / | 140 |
| Workshop | 1 | 140 | / | 140 |
| Keep | 1 | 320 | / | 210 |
| total: | 19 | 2085g | / | 905w |
| 0:03 | Peasant |
| 0:03 | Peasant |
| 0:04 | Peasant |
| 0:20 | Barracks |
| 0:27 | Altar of Kings |
| 0:52 | Farm |
| 1:01 | Peasant |
| 1:01 | Peasant |
| 1:01 | Peasant |
| 1:26 | Farm |
| 1:49 | Peasant |
| 1:49 | Peasant |
| 1:49 | Peasant |
| 2:05 | Farm |
| 2:11 | Footman |
| 2:11 | Footman |
| 2:38 | Arcane Vault |
| 2:44 | Summon Water Elemental |
| 3:01 | Footman |
| 3:01 | Footman |
| 3:01 | Footman |
| 3:08 | Scout Tower |
| 3:50 | Blacksmith |
| 4:12 | Brilliance Aura |
| 4:37 | Arcane Tower |
| 4:41 | Keep |
| 5:21 | Rifleman |
| 5:21 | Rifleman |
| 5:21 | Rifleman |
| 5:21 | Rifleman |
| 5:38 | Scout Tower |
| 5:46 | Farm |
| 6:07 | Arcane Tower |
| 6:19 | Lumber Mill |
| 6:34 | Scroll of Regeneration |
| 6:44 | Scout Tower |
| 6:55 | Farm |
| 7:06 | Improved Lumber Harvesting |
| 7:08 | Peasant |
| 7:08 | Peasant |
| 7:16 | Arcane Sanctum |
| 7:49 | Guard Tower |
| 7:54 | Workshop |
| 8:19 | Town Hall |
| 8:33 | Peasant |
| 8:48 | Farm |
| 9:06 | Farm |
| 9:18 | Priest |
| 9:18 | Priest |
| 9:18 | Priest |
| 9:22 | Summon Water Elemental |
| 10:14 | Mortar Team |
| 10:14 | Mortar Team |
| 10:14 | Mortar Team |
| 10:37 | Scroll of Town Portal |
| 10:58 | Flak Cannons |
| 11:08 | Scout Tower |
| 11:14 | Scroll of Town Portal |
| 11:20 | Siphon Mana |
| 11:35 | Peasant |
| 11:35 | Peasant |
| 11:56 | Priest |
| 11:58 | Sorceress |
| 11:58 | Sorceress |
| 11:59 | Sorceress |
| 12:29 | Cannon Tower |
| 12:55 | Scroll of Town Portal |
| 13:04 | Potion of Healing |
| Right click | 332 |
| Select | 179 |
| Build/train/purchase | 79 |
| Chat | 16 |
| Use ability | 11 |
| Minimap ping | 3 |
| Item give/drop | 1 |


| Orb of Venom | 1 | 325 |
| Potion of Healing | 5 | 750 |
| Lesser Clarity Potion | 3 | 210 |
| Anti-magic Potion | 2 | 200 |
| Scroll of Town Portal | 2 | 700 |
| total: | 13 | 2185g |
| Wisp | 21 | 1260 | / | 0 |
| Archer | 27 | 3510 | / | 270 |
| Hippogryph | 29 | 4640 | / | 580 |
| Peasant | 6 | 450 | / | 0 |
| Sorceress | 2 | 310 | / | 40 |
| Rifleman | 5 | 1025 | / | 150 |
| Spell Breaker | 7 | 1505 | / | 210 |
| Siege Engine | 5 | 975 | / | 300 |
| total: | 102 | 13675g | / | 1550w |
| Ancient Protector | 3 | 405 | / | 240 |
| Moon Well | 7 | 1260 | / | 280 |
| Altar of Elders | 1 | 180 | / | 50 |
| Tree of Life | 1 | 340 | / | 185 |
| Ancient of War | 2 | 300 | / | 120 |
| Hunter's Hall | 1 | 210 | / | 100 |
| Ancient of Wonders | 1 | 90 | / | 30 |
| Ancient of Wind | 2 | 300 | / | 280 |
| Tree of Ages | 1 | 320 | / | 180 |
| Tree of Eternity | 1 | 330 | / | 200 |
| Farm | 1 | 80 | / | 20 |
| Workshop | 1 | 140 | / | 140 |
| Castle | 1 | 360 | / | 210 |
| total: | 20 | 3305g | / | 1445w |
| 0:02 | Wisp |
| 0:02 | Wisp |
| 0:02 | Wisp |
| 0:18 | Moon Well |
| 0:32 | Altar of Elders |
| 0:43 | Wisp |
| 0:58 | Wisp |
| 0:59 | Wisp |
| 1:15 | Wisp |
| 1:30 | Tree of Life |
| 1:48 | Wisp |
| 1:48 | Wisp |
| 1:52 | Ancient of War |
| 1:56 | Wisp |
| 2:16 | Moon Well |
| 2:19 | Wisp |
| 2:19 | Wisp |
| 2:30 | Force of Nature |
| 2:38 | Wisp |
| 2:38 | Wisp |
| 3:10 | Archer |
| 3:19 | Tree of Ages |
| 3:51 | Archer |
| 4:06 | Archer |
| 4:26 | Entangling Roots |
| 4:31 | Hunter's Hall |
| 4:45 | Archer |
| 4:45 | Archer |
| 5:39 | Strength of the Moon |
| 5:39 | Moon Armor |
| 5:41 | Ancient Protector |
| 5:46 | Wisp |
| 5:50 | Wisp |
| 5:55 | Improved Bows |
| 5:59 | Wisp |
| 5:59 | Wisp |
| 6:02 | Wisp |
| 7:03 | Trueshot Aura |
| 7:17 | Improved Moon Armor |
| 7:20 | Ancient Protector |
| 7:20 | Wisp |
| 7:21 | Wisp |
| 7:25 | Ancient Protector |
| 7:29 | Archer |
| 7:29 | Archer |
| 7:31 | Ancient of Wind |
| 7:33 | Tree of Eternity |
| 7:36 | Nature's Blessing |
| 7:40 | Ancient of Wonders |
| 7:49 | Entangling Roots |
| 8:42 | Moon Well |
| 8:44 | Moon Well |
| 8:46 | Moon Well |
| 8:48 | Moon Well |
| 8:52 | Improved Strength of the Moon |
| 9:14 | Searing Arrows |
| 9:34 | Hippogryph |
| 9:34 | Hippogryph |
| 9:38 | Ancient of Wind |
| 10:38 | Hippogryph |
| 10:38 | Hippogryph |
| 10:39 | Archer |
| 10:40 | Archer |
| 10:41 | Hippogryph |
| 10:42 | Marksmanship |
| 10:43 | Archer |
| 10:43 | Archer |
| 10:45 | Advanced Moon Armor |
| 11:06 | Orb of Venom |
| 11:10 | Potion of Healing |
| 11:20 | Hippogryph |
| 11:24 | Moon Well |
| 11:28 | Thorns Aura |
| 11:38 | Archer |
| 11:54 | Hippogryph |
| 13:16 | Trueshot Aura |
| 13:38 | Archer |
| 13:38 | Archer |
| 13:39 | Hippogryph |
| 13:39 | Hippogryph |
| 13:42 | Ancient of War |
| 14:03 | Vorpal Blades |
| 14:05 | Advanced Strength of the Moon |
| 15:13 | Archer |
| 15:13 | Archer |
| 15:15 | Hippogryph |
| 15:15 | Hippogryph |
| 15:56 | Hippogryph |
| 15:57 | Archer |
| 16:14 | Potion of Healing |
| 16:22 | Archer |
| 16:23 | Hippogryph |
| 16:27 | Peasant |
| 16:27 | Peasant |
| 16:27 | Peasant |
| 16:32 | Sorceress |
| 16:33 | Sorceress |
| 16:36 | Rifleman |
| 16:36 | Rifleman |
| 16:44 | Farm |
| 17:02 | Lesser Clarity Potion |
| 17:04 | Scroll of Town Portal |
| 17:07 | Potion of Healing |
| 17:11 | Anti-magic Potion |
| 17:12 | Searing Arrows |
| 17:25 | Archer |
| 17:26 | Hippogryph |
| 17:27 | Hippogryph |
| 17:41 | Peasant |
| 17:41 | Peasant |
| 17:41 | Peasant |
| 17:43 | Improved Lumber Harvesting |
| 17:45 | Rifleman |
| 17:45 | Rifleman |
| 17:50 | Spell Breaker |
| 17:50 | Spell Breaker |
| 18:57 | Entangling Roots |
| 19:21 | Potion of Healing |
| 19:23 | Archer |
| 19:23 | Archer |
| 19:24 | Hippogryph |
| 19:24 | Hippogryph |
| 19:24 | Hippogryph |
| 19:26 | Hippogryph |
| 19:26 | Hippogryph |
| 19:26 | Hippogryph |
| 19:30 | Castle |
| 19:31 | Spell Breaker |
| 19:32 | Spell Breaker |
| 19:33 | Rifleman |
| 20:30 | Hippogryph |
| 20:32 | Reinforced Hides |
| 20:53 | Lesser Clarity Potion |
| 20:56 | Lesser Clarity Potion |
| 20:59 | Potion of Healing |
| 21:04 | Archer |
| 21:07 | Hippogryph |
| 21:13 | Scroll of Town Portal |
| 21:14 | Anti-magic Potion |
| 21:24 | Strength of the Wild |
| 21:39 | Long Rifles |
| 22:29 | Trueshot Aura |
| 22:59 | Tranquility |
| 23:26 | Barrage |
| 23:26 | Siege Engine |
| 23:26 | Siege Engine |
| 23:28 | Workshop |
| 23:44 | Hippogryph |
| 23:44 | Hippogryph |
| 23:47 | Archer |
| 24:02 | Spell Breaker |
| 24:02 | Spell Breaker |
| 24:02 | Spell Breaker |
| 24:07 | Siege Engine |
| 24:07 | Siege Engine |
| 24:09 | Iron Plating |
| 24:11 | Black Gunpowder |
| 25:05 | Archer |
| 26:11 | Starfall |
| 27:01 | Archer |
| 27:01 | Archer |
| 27:02 | Hippogryph |
| 27:02 | Hippogryph |
| 27:24 | Siege Engine |
| 27:33 | Archer |
| 27:37 | Hippogryph |
| 27:37 | Hippogryph |
| 27:40 | Well Spring |
| Right click | 1012 |
| Select | 717 |
| Build/train/purchase | 192 |
| Use ability | 58 |
| Chat | 16 |
| Item give/drop | 7 |
| Remove unit | 4 |
| Minimap ping | 2 |
⇛